 Dungeon Crawl Stone Soup version 0.26-b1-32-g5d43845318 (webtiles) character file.

Game seed: 16276070003765179788

4433 Borgoz the Fighter (level 10, -3/90 HPs)
             Began as a Ghoul Gladiator on Jan 13, 2021.
             Slain by an orc warrior
             ... wielding a +0 long sword
              (10 damage)
             ... on level 8 of the Dungeon.
             The game lasted 00:10:26 (9410 turns).

Borgoz the Fighter (Ghoul Gladiator)                Turns: 9410, Time: 00:10:27

Health: -3/90      AC: 14    Str: 26    XL:     10   Next: 36%
Magic:  9/9        EV: 15    Int:  3    God:
Gold:   599        SH:  0    Dex: 12    Spells: 9/9 levels left

rFire    . . .     SeeInvis .   k - +2 flail (drain)
rCold    + . .     Faith    .   (no shield)
rNeg     + + +     Spirit   .   h - +0 ring mail
rPois    ∞         Reflect  .   c - +1 helmet
rElec    .         Harm     .   (no cloak)
rCorr    .         Rampage  .   (no gloves)
Will     .....                  a - +0 pair of boots
Stlth    +.........             (no amulet)
HPRegen  0.00/turn              j - +6 ring of strength
MPRegen  0.11/turn              f - +4 ring of protection

@: mighty
A: claws 1, cold resistance 1, negative energy resistance 3, inhibited
regeneration, torment resistance, unbreathing
a: no special abilities


You were on level 8 of the Dungeon.
You visited 2 branches of the dungeon, and saw 10 of its levels.

You collected 599 gold pieces.

Inventory:

Hand Weapons
 k - a +2 flail of draining (weapon)
 n - the +5 rapier "Beastbane" {vorpal, *Drain rPois Str+7 Dex+4}
   (You found it on level 5 of the Dungeon)

   It inflicts extra damage upon your enemies.
   It affects your strength (+7).
   It affects your dexterity (+4).
   It protects you from poison.
   It causes draining when unequipped.
Armour
 a - a +0 pair of boots (worn)
 c - a +1 helmet (worn)
 h - a +0 ring mail (worn)
Jewellery
 e - an uncursed ring of ice
 f - a +4 ring of protection (right claw)
 j - a +6 ring of strength (left claw)
Wands
 g - a wand of flame (25)
 r - a wand of paralysis (11)
Scrolls
 b - a scroll of torment
 l - 3 scrolls of enchant weapon
 m - 5 scrolls of remove curse
 o - 3 scrolls of teleportation
 p - a scroll of magic mapping
 t - 2 scrolls of identify
 u - a scroll of enchant armour
 v - a scroll of blinking
Potions
 d - a potion of resistance
 s - 3 potions of brilliance


   Skills:
 * Level 8.4 Fighting
 * Level 7.3 Maces & Flails
 - Level 1.7 Throwing
 * Level 6.6 Armour
 * Level 7.3 Dodging


You had 9 spell levels left.
You didn't know any spells.
Your spell library contained the following spells:

 Spells                   Type           Power        Failure   Level
 Freeze                   Ice            0%           65%         1
 Sting                    Tmut/Pois      0%           65%         1
 Summon Small Mammal      Summ           0%           65%         1
 Call Imp                 Summ           0%           78%         2
 Poisonous Vapours        Pois/Air       0%           78%         2
 Call Canine Familiar     Summ           0%           95%         3
 Frozen Ramparts          Ice            0%           95%         3
 Ignite Poison            Fire/Tmut/Pois 0%           95%         3
 Mephitic Cloud           Conj/Pois/Air  0%           95%         3
 Ozocubu's Armour         Ice            0%           95%         3
 Summon Guardian Golem    Hex/Summ       0%           95%         3
 Hailstorm                Conj/Ice       0%           100%        4
 Olgreb's Toxic Radiance  Pois           0%           100%        4
 Summon Ice Beast         Ice/Summ       0%           100%        4
 Summon Lightning Spire   Summ/Air       0%           100%        4


Dungeon Overview and Level Annotations

Branches:
Dungeon (9/15)             Temple (1/1) D:6
   Lair: D:8-11         Orc: D:9-12

Altars:
Dithmenos
Elyvilon
Fedhas
Gozag
Hepliaklqana
Makhleb
Nemelex Xobeh
Okawaru
Qazlal
Ru
Sif Muna
Trog
Uskayaw
Vehumet
Wu Jian
Xom
Yredelemnul
Zin
The Shining One


Innate Abilities, Weirdness & Mutations

You thrive by killing the living.
You are immune to poison.
You have sharp fingernails.
Your flesh is cold resistant. (rC+)
You are immune to negative energy. (rN+++)
You do not regenerate when monsters are visible.
You are immune to unholy pain and torment.
You can survive without breathing.


Message History

The orc wizard points at you and mumbles some strange words.
You easily resist.
The orc warrior barely misses you. The orc completely misses you.
You bludgeon the orc!!
You kill the orc!
The orc wizard misses you.
The phantom blinks!
The orc warrior completely misses you.
The orc wizard gestures at you while chanting.
You easily resist.
You bludgeon the orc priest!!
You kill the orc priest!
The phantom blinks!
The orc warrior hits you with a +0 long sword.
* * * LOW HITPOINT WARNING * * *
The orc wizard barely misses you.
You closely miss the orc wizard.
The orc wizard is moderately wounded.
The orc wizard hits you but does no damage.
The orc warrior hits you with a +0 long sword!
You die...

#....#......#...#..
#....#).....#...#..
##...).#'#..#...#..
##...#.'_'..#...'..
#...(#.#'#..#...#..
#....#......#...#..
#....#......#...#..
#..o.#......##+##..
##@)(#.............
#)o.#.............
######+###...#.............
#.......#(.W.#.............
.##....))('...(#.............
.......)..##...#.............
..........######.............
.##.......##...##+####...).>.
#.......##....# #...[...


You could see a phantom, an orc warrior and an orc wizard.

Vanquished Creatures
  Harold (D:7)
  Menkaure (D:4)
  3 orc warriors
  An ice beast (D:6)
  4 ogres
  2 phantoms
  A necrophage (D:9)
  3 centaurs
  2 big kobolds (D:7)
  Blork the orc (D:4)
  4 bullfrogs
  A gnoll sergeant (D:7)
  3 scorpions
  2 howler monkeys
  A quasit (D:8)
  11 hounds
  2 jellies (D:5)
  A centaur skeleton (D:6)
  6 orc priests
  A bullfrog skeleton (D:2)
  3 gnoll shamans (D:7)
  3 iguanas
  Ijyb (D:4)
  9 orc wizards
  9 worker ants
  A worker ant zombie (D:7)
  14 gnolls
  7 adders
  2 shadow imps
  3 white imps
  2 ufetubi (D:7)
  2 oozes (D:3)
  An adder skeleton (D:5)
  A worm (D:2)
  2 dart slugs (D:2)
  5 leopard geckos
  30 orcs
  A ball python (D:1)
  6 giant cockroaches
  8 goblins
  7 hobgoblins
  9 jackals
  2 quokkas
  5 bats
  5 frilled lizards
  13 kobolds
  A quokka skeleton (D:6)
  6 rats
209 creatures vanquished.

Vanquished Creatures (others)
  A centaur (D:7)
  A hound (D:7)
  A hobgoblin (D:7)
  A kobold (D:7)
  3 plants (D:7)
7 creatures vanquished.

Grand Total: 216 creatures vanquished

Notes
Turn   | Place    | Note
-------+----------+-------------------------------------------
     0 | D:1      | Borgoz the Ghoul Gladiator began the quest for the Orb.
     0 | D:1      | Reached XP level 1. HP: 17/17 MP: 0/0
   673 | D:1      | Reached XP level 2. HP: 25/25 MP: 1/1
  1014 | D:1      | Reached XP level 3. HP: 30/30 MP: 2/2
  1063 | D:1      | Reached skill level 1 in Armour
  1438 | D:2      | Reached XP level 4. HP: 28/37 MP: 3/3
  1500 | D:2      | Reached skill level 3 in Fighting
  2217 | D:1      | Reached XP level 5. HP: 15/45 MP: 4/4
  3074 | D:3      | Found a burning altar of Makhleb.
  3079 | D:3      | Reached XP level 6. HP: 50/52 MP: 5/5
  3152 | D:3      | Reached skill level 4 in Fighting
  4376 | D:4      | Noticed Menkaure
  4384 | D:4      | Killed Menkaure
  4385 | D:4      | Reached XP level 7. HP: 60/60 MP: 6/6
  4880 | D:4      | Reached skill level 5 in Fighting
  4964 | D:4      | Noticed Ijyb
  4972 | D:4      | Killed Ijyb
  5052 | D:4      | Noticed Blork the orc
  5060 | D:4      | Killed Blork the orc
  5061 | D:4      | Reached XP level 8. HP: 67/68 MP: 7/7
  5129 | D:5      | Entered Level 5 of the Dungeon
  5197 | D:5      | Reached skill level 5 in Maces & Flails
  5197 | D:5      | Reached skill level 5 in Dodging
  5221 | D:5      | Got a twisted rapier
  5595 | D:5      | Found a sacrificial altar of Ru.
  5657 | D:5      | Found a radiant altar of Vehumet.
  5897 | D:6      | Identified the +5 rapier "Beastbane" {vorpal, *Drain rPois
                  | Str+7 Dex+4} (You found it on level 5 of the Dungeon)
  6125 | D:6      | Reached skill level 6 in Fighting
  6295 | D:6      | Found a staircase to the Ecumenical Temple.
  6347 | Temple   | Entered the Ecumenical Temple
  6491 | D:6      | Found a shadowy altar of Dithmenos.
  6866 | D:7      | Reached XP level 9. HP: 65/78 MP: 8/8
  6938 | D:7      | Reached skill level 5 in Armour
  7026 | D:7      | Reached skill level 7 in Fighting
  7975 | D:7      | Noticed Harold
  7988 | D:7      | Killed Harold
  7989 | D:7      | Reached XP level 10. HP: 64/88 MP: 9/9
  8318 | D:7      | Found a sparkling altar of Nemelex Xobeh.
  8569 | D:8      | Found an ornate altar of the Wu Jian Council.
  8577 | D:8      | Reached skill level 8 in Fighting
  8632 | D:8      | Found a blossoming altar of Fedhas.
  8681 | D:8      | Found a shadowy altar of Dithmenos.
  9410 | D:8      | Slain by an orc warrior

Illustrated notes

Levels and vault maps discovered:
D:1:      kilobyte_arrival_exit_the_forest, layout_basic
D:2:      layout_rooms
D:3:      layout_basic, makhleb_heckhound_becter
D:4:      layout_basic, uniq_menkaure, uniq_ijyb, uniq_blork_the_orc
D:5:      layout_basic, fiery_altar_vehumet, nicolae_ru_the_path_less_chosen
D:6:      layout_gridville, minmay_temple_entry_arrows,
          chequers_serial_rivers_micro_b, grunt_dithmenos_shadows
D:7:      kennysheep_housing_project, layout_basic, lemuel_doored_altar,
          minmay_fractal_squares_5, uniq_harold
D:8:      layout_gridville, nicolae_overflow_crystal_walls, old_standard_altar,
          kennysheep_mini, pdpol_wu_jian_five_deadly_venoms, basic_altar
D:9:      layout_basic, slow_altar_1, lair_entry_dummy, erik_orc_2,
          serial_glass, glass_columns_b, glass_columns_c, glass_columns_a,
          glass_columns_a, glass_columns_c, glass_columns_b, glass_columns_b,
          glass_columns_a, glass_columns_a, glass_columns_b, glass_columns_b,
          glass_columns_a, glass_columns_b, glass_columns_b, minivault_16,
          evilmike_ruin_ashenzari
Temple:   zaba_magenta_temple

Skill      XL: |  1  2  3  4  5  6  7  8  9 10 |
---------------+-------------------------------+-----
Dodging        | 3 4 5 6 7 |  7.3
Maces & Flails | 3 4 5 6 7 |  7.3
Armour         | 1 2 3 4 6 |  6.6
Fighting       | 3 4 5 6 7 8 |  8.4
Throwing       | |  1.7

Action                   |  1- 3 |  4- 6 |  7- 9 | 10-12 || total
-------------------------+-------+-------+-------+-------++-------
Melee: Flail             |    81 |   271 |   327 |   139 ||   818
Throw: Throwing net      |     1 |     2 |       |     4 ||     7
  Use: Scroll            |       |     7 |     8 |     2 ||    17
       Potion            |       |     3 |     4 |     1 ||     8
 Stab: Held in net/web   |     1 |       |       |     1 ||     2
       Invisible         |       |     2 |     4 |       ||     6
Armor: Leather armour    |    11 |       |       |       ||    11
       Ring mail         |    18 |   115 |   138 |    95 ||   366
Dodge: Dodged            |    60 |   189 |   321 |   191 ||   761
